 Dungeon Crawl Stone Soup version 0.16-a0-3911-g06eb01e (webtiles) character file.

64 timbw the Chiller (level 4, -9/24 HPs)
             Began as a Tengu Ice Elementalist on Feb 4, 2015.
             Killed from afar by Absynth's ghost (11 damage)
             ... with a zap
             ... on level 4 of the Dungeon.
             The game lasted 00:04:57 (1212 turns).

timbw the Chiller (Tengu Ice Elementalist)          Turns: 1212, Time: 00:04:58

Health: -9/24      AC:  3    Str:  8    XL:     4   Next: 12%
Magic:  8/8        EV: 12    Int: 16    God:
Gold:   66         SH:  0    Dex: 15    Spells: 1 memorised, 6 levels left

rFire  . . .     SeeInvis .     e - +0 dagger
rCold  . . .     Clarity  .     f - +0 leather armour
rNeg   . . .     SustAb   .     (no shield)
rPois  .         Gourm    .     (helmet restricted)
rElec  .         Spirit   .     (no cloak)
rCorr  .         Warding  .     (no gloves)
rMut   .         Stasis   .     (boots unavailable)
MR     .....                    (no amulet)
Stlth  +.........               (no ring)
                                h - ring of loudness (curse)

@: not resistant to hostile enchantments, very unstealthy
A: beak, talons 3
a: no special abilities


You were on level 4 of the Dungeon.
You were hungry.

You visited 1 branch of the dungeon, and saw 4 of its levels.

You collected 66 gold pieces.

Inventory:

Hand weapons
 e - a +0 dagger (weapon)
Armour
 a - a +0 robe
 f - a +0 leather armour (worn)
Jewellery
 h - a cursed ring of loudness (left hand)
Scrolls
 g - a scroll of random uselessness
 i - 2 scrolls of teleportation
 j - a scroll of identify
Potions
 d - a potion of resistance
 k - a potion of brilliance {unknown}
 l - a potion of berserk rage {unknown}
Books
 b - a book of Frost

   Spells                             Type                      Level
   a - Freeze                         Ice                          1
   b - Throw Frost                    Conjuration/Ice              2
   c - Ozocubu's Armour               Charms/Ice                   3
   d - Throw Icicle                   Conjuration/Ice              4
   e - Summon Ice Beast               Ice/Summoning                4
   f - Condensation Shield            Ice                          4
Comestibles
 c - 2 bread rations


   Skills:
 - Level 2.1 Dodging
 - Level 2.0 Stealth
 - Level 2.0 Spellcasting
   Level 1.3 Conjurations
 + Level 4.4 Ice Magic


You had 6 spell levels left.
You knew the following spells:

 Your Spells              Type           Power        Failure   Level  Hunger
a - Freeze                Ice            ###.         8%          1    #......


Dungeon Overview and Level Annotations

Branches:
Dungeon (4/15)
 Temple: D:4-7

Altars:

Annotations:
D:3 timbw's ghost, weakling TeIE
D:4 Absynth's ghost, average DgAE


Innate Abilities, Weirdness & Mutations

You have a beak for a mouth.
You have claws for feet.


Message History

You are confused.
The orc warrior barely misses you.
You bump into the rock wall.
You bump into the rock wall.
You feel less confused. The orc warrior barely misses you.
Absynth's ghost (average Demigod Air Elementalist) comes into view.
Absynth's ghost points at you and mumbles some strange words.
The zap hits you!
* * * LOW HITPOINT WARNING * * *
Found a chain mail and 9 gold pieces.
Absynth's ghost casts a spell at you. The zap hits you!
* * * LOW HITPOINT WARNING * * *
Found 12 gold pieces.
Found a stone staircase leading down.
Found a slice of pizza and 26 stones.
Absynth's ghost points at you and mumbles some strange words.
The zap hits something.
The zap hits you!
You die...

##.##..#....#...##
## ............#
..# #...o..W..##
#.##$##...#
#.##......#
#........##
#....o...#
#........#
##.$.@...#
#.......#
#...>...#
#(..%...#
#########


You could see an orc warrior, Absynth's ghost and an orc.

Vanquished Creatures
  Ijyb (D:4)
  2 adders
  3 orcs
  3 bats
  A bat skeleton (D:4)
  A giant cockroach (D:2)
  5 hobgoblins
  4 kobolds
  2 ball pythons
  2 giant newts
  2 goblins
26 creatures vanquished.

Notes
Turn   | Place    | Note
--------------------------------------------------------------
     0 | D:1      | timbw, the Tengu Ice Elementalist, began the quest for the Orb.
     0 | D:1      | Reached XP level 1. HP: 10/10 MP: 3/3
    95 | D:1      | Reached skill level 3 in Ice Magic
   170 | D:2      | Reached XP level 2. HP: 6/15 MP: 0/5
   508 | D:2      | Reached XP level 3. HP: 8/19 MP: 0/7
   617 | D:3      | Noticed timbw's ghost (weakling TeIE)
   742 | D:4      | Noticed Ijyb
   754 | D:4      | Killed Ijyb
   754 | D:4      | Reached skill level 4 in Ice Magic
  1042 | D:4      | Reached XP level 4. HP: 21/24 MP: 5/8
  1135 | D:4      | Noticed an orc warrior
  1198 | D:4      | Noticed Absynth's ghost (average DgAE)
  1203 | D:4      | HP: 1/24 [Absynth's ghost/zap (2)]
  1212 | D:4      | Killed from afar by Absynth's ghost

Action                   |  1- 3 |  4- 6 || total
-------------------------+-------+-------++-------
Melee: Unarmed           |     2 |       ||     2
       Dagger            |    33 |       ||    33
 Cast: Freeze            |    36 |     4 ||    40
  Use: Scroll            |     4 |       ||     4
 Stab: Sleeping          |     1 |       ||     1
  Eat: Chunk             |       |     1 ||     1
